 Dungeon Crawl Stone Soup version 0.18.1-48-g4cf74bf (webtiles) character file.

162 nikopol the Skirmisher (level 5, -1/47 HPs)
             Began as a Minotaur Berserker on July 25, 2016.
             Was a Priest of Trog.
             Killed from afar by an orc wizard (6 damage)
             ... with a magic dart
             ... on level 3 of the Dungeon.
             The game lasted 00:05:40 (2133 turns).

nikopol the Skirmisher (Minotaur Berserker)         Turns: 2133, Time: 00:05:41

Health: -1/47      AC:  6    Str: 21    XL:     5   Next: 19%
Magic:  4/4        EV: 12    Int:  4    God:    Trog [***...]
Gold:   138        SH:  0    Dex: 11    Spells: 0 memorised, 4 levels left

rFire  . . .     SeeInvis .     a - +0 spear
rCold  . . .     Gourm    .     o - +0 ring mail
rNeg   . . .     Faith    .     (no shield)
rPois  .         Spirit   .     (helmet restricted)
rElec  .         Dismiss  .     (no cloak)
rCorr  .         Reflect  .     (no gloves)
SustAt .         Harm     .     p - +0 pair of boots
MR     .....                    (no amulet)
Stlth  ..........               (no ring)
                                (no ring)

@: confused, not resistant to hostile enchantments, extremely unstealthy
A: retaliatory headbutt, horns 2
a: Berserk, Trog's Hand, Burn Spellbooks, Renounce Religion


You were on level 3 of the Dungeon.
You worshipped Trog.
Trog was most pleased with you.
You were not hungry.

You visited 1 branch of the dungeon, and saw 3 of its levels.

You collected 138 gold pieces.

Inventory:

Hand Weapons
 a - a +0 spear (weapon)
Missiles
 n - 60 arrows (quivered)
Armour
 b - a +0 animal skin
 o - a +0 ring mail (worn)
 p - a +0 pair of boots (worn)
Scrolls
 f - 2 scrolls of magic mapping {unknown}
 i - 2 scrolls of identify {unknown}
 k - a scroll of teleportation {unknown}
 l - a scroll of fog {unknown}
 q - a scroll of recharging {unknown}
 u - a scroll of random uselessness {unknown}
Potions
 d - 3 potions of curing {unknown}
 e - a potion of agility {unknown}
 h - 3 potions of berserk rage {unknown}
 m - 2 potions of heal wounds {unknown}
 r - a potion of degeneration {unknown}
 s - a potion of mutation {unknown}
Comestibles
 c - 2 bread rations
 g - 5 fruits
 j - 2 meat rations
 t - a chunk of flesh


   Skills:
 + Level 4.8 Fighting
 + Level 4.7 Polearms
 + Level 3.5 Armour
 + Level 3.6 Dodging


You had 4 spell levels left.
You didn't know any spells.

Dungeon Overview and Level Annotations

Branches:
Dungeon (3/15)

Altars:
Ashenzari
Gozag
Nemelex Xobeh
Trog
Zin


Innate Abilities, Weirdness & Mutations

You reflexively headbutt those who attack you in melee.
You have a pair of horns on your head.


Message History

You miss something. You miss something. You headbutt something!
You hear some strange, mumbled words.
You are confused.
You hear some strange, mumbled words.
A puff of flame appears from out of thin air!
The puff of flame hits you!
* * * LOW HITPOINT WARNING * * *
An orc wizard appears from thin air!
Reactivating autopickup.
The orc wizard hits you but does no damage.
You barely miss the orc wizard.
The orc wizard is severely wounded.
The orc wizard closely misses you. The orc wizard completely misses you.
Things that are here:
a dagger; a robe The orc wizard casts a spell at you.
The magic dart hits you!
You die...

.#. ###...........
####...........
##..)†..........
#..#........#... #.
##........####...
#.#.######...#.#.###
###.
#.#.#..(...(.....#
#...
.####.#.#....)o..#####
#..##
........#....@.......
.< .
........#...........#
#
.......)#..)[....####
.......†(.†..†.......
..........)<.....####
.....$..#........#
.o...............#
........#........#
........##########


You could see an orc wizard.

Vanquished Creatures
  An orc wizard (D:3)
  4 gnolls (D:3)
  2 adders
  An ooze (D:2)
  4 worms
  2 dart slugs (D:2)
  A giant gecko (D:1)
  4 orcs (D:3)
  6 bats
  5 giant cockroaches
  3 goblins
  7 hobgoblins
  9 jackals
  6 kobolds
  3 quokkas
  3 giant newts
  7 rats
68 creatures vanquished.

Vanquished Creatures (others)
  A bat (D:2)
1 creature vanquished.

Grand Total: 69 creatures vanquished

Notes
Turn   | Place    | Note
--------------------------------------------------------------
     0 | D:1      | nikopol the Minotaur Berserker began the quest for the Orb.
     0 | D:1      | Reached XP level 1. HP: 19/19 MP: 0/0
   179 | D:1      | Reached XP level 2. HP: 25/27 MP: 1/1
   384 | D:1      | Reached ** piety under Trog
   766 | D:2      | Reached XP level 3. HP: 27/33 MP: 2/2
   941 | D:2      | Found a sparkling altar of Nemelex Xobeh.
  1151 | D:2      | Found a bloodstained altar of Trog.
  1582 | D:2      | Found an opulent altar of Gozag.
  1582 | D:2      | Found a glowing silver altar of Zin.
  1626 | D:3      | Reached XP level 4. HP: 41/41 MP: 3/3
  1716 | D:3      | Found a shattered altar of Ashenzari.
  2076 | D:3      | Reached *** piety under Trog
  2106 | D:3      | Reached XP level 5. HP: 23/47 MP: 4/4
  2133 | D:3      | Killed from afar by an orc wizard

Skill      XL: |  1  2  3 |
---------------+----------+-----
Polearms       | 4 |  4.7
Fighting       | 4 |  4.8
Dodging        | 3 |  3.6
Armour         | 3 |  3.5

Action                   |  1- 3 |  4- 6 || total
-------------------------+-------+-------++-------
Melee: Spear             |   104 |    95 ||   199
       Headbutt          |     9 |    18 ||    27
Invok: Berserk           |       |     1 ||     1
 Stab: Sleeping          |     3 |       ||     3
       Distracted        |     1 |       ||     1
  Eat: Chunk             |     1 |     4 ||     5
Armor: Animal skin       |     4 |       ||     4
       Ring mail         |     7 |    51 ||    58
Dodge: Dodged            |    47 |    66 ||   113
